AoeStats
← ihate

Arabia

508957709Analyzed
2v2 RM · 8d ago on Sep 24, 2026· 71m 47s· 4 players
Game mode
Random Map
Map size
Medium (4 player)
Population
200
Speed
Normal
Resources
Standard
Victory
Conquest
Starting age
Dark Age
Ending age
Imperial Age
RankedLock teamsTeams togetherTeam positionsShared explorationLock speedFull tech treeHidden civsTurbo modeCheats
Victory
Defeat
🇹🇷 Teutons · Türkiye
1027
+14
🇹🇷 Huns · Türkiye
995
+15
🇩🇪 Franks · Germany
992
-32
🇩🇪 Cumans · Germany
961
-18
blackout
6:34 Loom
9:56 Feudal Age
10:25 Double-Bit Axe
14:47 Horse Collar
20:46 Castle Age
19:53 Gold Mining
22:02 Wheelbarrow
21:59 Bow Saw
21:51 Heavy Plow
22:01 Stone Mining
22:17 Squires
22:20 Scale Mail Armor
22:32 Forging
22:34 Pikeman
28:38 Stone Shaft Mining
28:51 Iron Casting
28:31 Chain Mail Armor
33:36 Imperial Age
31:43 Gambesons
31:43 Arson
33:50 Heavy Scorpion
35:45 Blast Furnace
35:16 Plate Mail Armor
38:08 Chemistry
38:34 Hand Cart
39:34 Crop Rotation
41:59 Elite Teutonic Knight
44:30 Ironclad
49:12 Cavalier
50:03 Bloodlines
50:38 Scale Barding Armor
51:42 Paladin
52:45 Chain Barding Armor
55:25 Plate Barding Armor
71:48 Spies/Treason
mustajjj
8:03 Loom
11:11 Feudal Age
11:56 Double-Bit Axe
11:54 Horse Collar
19:43 Castle Age
17:47 Gold Mining
19:58 Wheelbarrow
19:35 Forging
19:30 Scale Barding Armor
19:54 Bloodlines
20:46 Pikeman
21:27 Squires
22:28 Iron Casting
23:32 Chain Barding Armor
25:01 Heavy Plow
27:47 Bow Saw
30:43 Hand Cart
30:14 Town Watch
31:15 Fletching
31:25 Padded Archer Armor
31:27 Scale Mail Armor
ihate
7:29 Loom
12:07 Feudal Age
12:47 Town Watch
14:46 Double-Bit Axe
17:07 Horse Collar
22:07 Castle Age
20:41 Fletching
22:52 Padded Archer Armor
23:07 Bodkin Arrow
23:38 Bow Saw
23:23 Gold Mining
24:26 Heavy Plow
25:46 Ballistics
26:07 Thumb Ring
27:04 Wheelbarrow
29:52 Bloodlines
33:56 Scale Barding Armor
34:01 Forging
34:07 Leather Archer Armor
36:36 Imperial Age
34:54 Capped Ram
37:58 Conscription
37:58 Steppe Husbandry
39:01 Parthian Tactics
40:14 Murder Holes
43:11 Elite Steppe Lancer
HaZefarmer
1:44 Loom
11:14 Feudal Age
16:06 Town Watch
20:35 Castle Age
20:35 Forging
20:30 Scale Barding Armor
30:46 Scale Mail Armor
30:14 Pikeman
31:52 Chain Mail Armor
37:18 Crossbowman
37:59 Fletching
38:11 Padded Archer Armor
39:47 Bodkin Arrow
46:34 Chain Barding Armor
46:51 Iron Casting
46:21 Husbandry
46:43 Leather Archer Armor
62:20 Squires
Connection lost

Rejoining the realm…

Still unreachable

The connection could not be restored.

Session expired

The server has moved on; the page needs a fresh start.